Description

Pool first, fast lings to fast ravagers

Replay - FabioFazio v Kììì - Nightshade LE

Build Order

Get SALT Encoding   

  12  0:01  Drone  
  13  0:12  Overlord  
  13  0:16  Drone  
  14  0:31  Drone x3  
  17  0:45  Extractor  
  17  0:46  Spawning Pool  
  17  0:49  Drone  
  16  0:56  Drone  
  17  1:15  Hatchery  
  16  1:32  Zergling x6  
  19  1:39  Roach Warren  
  18  1:50  Queen  
  20  2:00  Overlord  
  20  2:25  Roach x3  
  26  2:34  Drone  
  27  2:40  Drone x2  
  28  2:50  Queen  
  30  2:54  Ravager x2  
  32  3:05  Ravager  
Spawning Tool Build Advisor. Get it on Overwolf

Go to:

Details

  • Created by: xenlee
  • Published on: Dec 17, 2019
  • Modified on: Dec 17, 2019
  • Patch: 4.11.0
Show
View Real Time Build Order
Export as new Build Order

Comments (0)

There are no comments. Be the first!

Create an account to comment!